MLB
HOUSTON ASTROS @ SEATTLE MARINERS
05/02/2020
 
TOP OF THE 1ST
Houston Astros batting - Pitching for Seattle Mariners : RHP Ivan Nova
Pitching: RHP Ivan Nova
Batting: LHB Matt Joyce 0-0: Called Strike
0-1: Ball
1-1: Ball
2-1: Foul Ball, location: 2F
2-2: Ball
3-2: Ground out 4-3 (Groundball, 34, EV 103.8 MPH)
Batting: LHB Tommy La Stella 0-0: Ball
1-0: Foul Ball, location: 2F
1-1: Fly out, F9 (Flyball, 9, EV 91.3 MPH)
Batting: SHB Jorge Polanco 0-0: Called Strike
0-1: Called Strike
0-2: Ground out 6-3 (Groundball, 4MS, EV 91.3 MPH)
Top of the 1st over - 0 runs, 0 hits, 0 errors, 0 left on base; Houston 0 - Seattle 0
BOTTOM OF THE 1ST
Seattle Mariners batting - Pitching for Houston Astros : LHP Carlos Rodon
Pitching: LHP Carlos Rodon
Batting: RHB Elvis Andrus 0-0: Swinging Strike
0-1: Ball
1-1: Ball
2-1: Ball
3-1: SOLO HOME RUN (Flyball, 7D, EV 110.0 MPH), Distance : 386 ft
Batting: LHB Brandon Nimmo 0-0: Ball
1-0: Foul Ball, location: 2F
1-1: Foul Ball, location: 2F
1-2: Strikes out swinging
Batting: RHB Manny Machado 0-0: Ball
1-0: Ball
2-0: Called Strike
2-1: SINGLE (Groundball, 56D, EV 95.6 MPH)
Batting: RHB Tyler O'Neill 0-0: Called Strike
0-1: Ball
1-1: Called Strike
1-2: Fly out, F4 (Popup, 4, EV 55.6 MPH)
Batting: RHB Mitch Haniger 0-0: Ball
1-0: Foul Ball, location: 2F
1-1: Ball
2-1: Called Strike
2-2: Fly out, F7 (Flyball, 7D, EV 96.9 MPH)
Bottom of the 1st over - 1 run, 2 hits, 0 errors, 1 left on base; Houston 0 - Seattle 1
TOP OF THE 2ND
Houston Astros batting - Pitching for Seattle Mariners : RHP Ivan Nova
Batting: RHB Trey Mancini 0-0: Ball
1-0: Ground out 6-3 (Groundball, 56, EV 88.8 MPH)
Batting: LHB Dominic Smith 0-0: Ball
1-0: Called Strike
1-1: Fly out, F9 (Line Drive, 9, EV 103.1 MPH)
Batting: SHB Neil Walker 0-0: SINGLE (Line Drive, 9S, EV 95.6 MPH)
Batting: LHB Tucker Barnhart 0-0: Foul Ball, location: 2F
0-1: Called Strike
0-2: Ball
1-2: Ball
2-2: Ground out 1-3 (Groundball, 13, EV 73.8 MPH)
Top of the 2nd over - 0 runs, 1 hit, 0 errors, 1 left on base; Houston 0 - Seattle 1
BOTTOM OF THE 2ND
Seattle Mariners batting - Pitching for Houston Astros : LHP Carlos Rodon
Batting: RHB Brian Dozier 0-0: Ball
1-0: Called Strike
1-1: Ball
2-1: Ball
3-1: Called Strike
3-2: Base on Balls
Batting: RHB Yoenis Cespedes 0-0: Called Strike
0-1: Called Strike
0-2: SINGLE (Flyball, 6D, EV 93.1 MPH)
Brian Dozier to second
Batting: SHB Justin Smoak 0-0: Ball
1-0: Foul Ball, location: 2F
1-1: Ball
2-1: Called Strike
2-2: Fly out, F3 (Flyball, 34D, EV 91.3 MPH)
Batting: RHB Willians Astudillo 0-0: Ball
1-0: Fly out, F9 (Flyball, 89M, EV 86.3 MPH)
Batting: RHB Elvis Andrus 0-0: Ball
1-0: Called Strike
1-1: Swinging Strike
1-2: Fly out, F8 (Flyball, 8RM, EV 99.4 MPH)
Bottom of the 2nd over - 0 runs, 1 hit, 0 errors, 2 left on base; Houston 0 - Seattle 1
TOP OF THE 3RD
Houston Astros batting - Pitching for Seattle Mariners : RHP Ivan Nova
Batting: RHB Manuel Margot 0-0: Ball
1-0: Called Strike
1-1: Fly out, F4 (Popup, 4S, EV 71.3 MPH)
Batting: SHB Billy Hamilton 0-0: Called Strike
0-1: Ball
1-1: Ball
2-1: Ground out 5-3 (Groundball, 56, EV 91.3 MPH)
Batting: LHB Matt Joyce 0-0: Ball
1-0: Called Strike
1-1: Ground out 1-3 (Groundball, 15S, EV 65.6 MPH)
Top of the 3rd over - 0 runs, 0 hits, 0 errors, 0 left on base; Houston 0 - Seattle 1
BOTTOM OF THE 3RD
Seattle Mariners batting - Pitching for Houston Astros : LHP Carlos Rodon
Batting: LHB Brandon Nimmo 0-0: Foul Ball, location: 2F
0-1: Called Strike
0-2: Foul Ball, location: 2F
0-2: Ball
1-2: Ball
2-2: Ball
3-2: Fly out, F8 (Line Drive, 8RM, EV 94.4 MPH)
Batting: RHB Manny Machado 0-0: Called Strike
0-1: Ball
1-1: Swinging Strike
1-2: Ground out U3 (Groundball, 34, EV 101.9 MPH)
Batting: RHB Tyler O'Neill 0-0: Foul Ball, location: 2F
0-1: Ball
1-1: Called Strike
1-2: Foul Ball, location: 2F
1-2: Strikes out swinging
Bottom of the 3rd over - 0 runs, 0 hits, 0 errors, 0 left on base; Houston 0 - Seattle 1
TOP OF THE 4TH
Houston Astros batting - Pitching for Seattle Mariners : RHP Ivan Nova
Batting: LHB Tommy La Stella 0-0: Ball
1-0: Ball
2-0: Ground out 4-3 (Groundball, 4, EV 103.8 MPH)
Batting: SHB Jorge Polanco 0-0: Called Strike
0-1: Ball
1-1: Ball
2-1: Swinging Strike
2-2: Fly out, F9 (Flyball, 89M, EV 97.5 MPH)
Batting: RHB Trey Mancini 0-0: Ball
1-0: Called Strike
1-1: Foul Ball, location: 2F
1-2: Ball
2-2: Foul Ball, location: 2F
2-2: Foul Ball, location: 2F
2-2: Foul Ball, location: 2F
2-2: Foul Ball, location: 2F
2-2: Fly out, F7 (Flyball, 7D, EV 100.0 MPH)
Top of the 4th over - 0 runs, 0 hits, 0 errors, 0 left on base; Houston 0 - Seattle 1
BOTTOM OF THE 4TH
Seattle Mariners batting - Pitching for Houston Astros : LHP Carlos Rodon
Batting: RHB Mitch Haniger 0-0: Ball
1-0: Ground out 6-3 (Groundball, 6, EV 86.9 MPH)
Batting: RHB Brian Dozier 0-0: Called Strike
0-1: Ball
1-1: Ball
2-1: Swinging Strike
2-2: Ball
3-2: Fly out, F9 (Flyball, 9LM, EV 97.5 MPH)
Batting: RHB Yoenis Cespedes 0-0: SOLO HOME RUN (Flyball, 7D, EV 107.5 MPH), Distance : 412 ft
Batting: SHB Justin Smoak 0-0: Ball
1-0: Ground out 5-3 (Groundball, 56, EV 103.8 MPH)
Bottom of the 4th over - 1 run, 1 hit, 0 errors, 0 left on base; Houston 0 - Seattle 2
TOP OF THE 5TH
Houston Astros batting - Pitching for Seattle Mariners : RHP Ivan Nova
Batting: LHB Dominic Smith 0-0: Ball
1-0: Ball
2-0: Called Strike
2-1: Ball
3-1: Base on Balls
Batting: SHB Neil Walker 0-0: Ball
1-0: Called Strike
1-1: Foul Ball, location: 2F
1-2: Ball
2-2: Strikes out swinging
Batting: LHB Tucker Barnhart 0-0: Ball
1-0: Ball
2-0: Called Strike
2-1: Grounds into double play, 4-6-3 (Groundball, 4, EV 84.4 MPH)
Top of the 5th over - 0 runs, 0 hits, 0 errors, 0 left on base; Houston 0 - Seattle 2
BOTTOM OF THE 5TH
Seattle Mariners batting - Pitching for Houston Astros : LHP Carlos Rodon
Batting: RHB Willians Astudillo 0-0: Ball
1-0: Swinging Strike
1-1: Ball
2-1: Ball
3-1: Ground out 6-3 (Groundball, P, EV 85.0 MPH)
Batting: RHB Elvis Andrus 0-0: Called Strike
0-1: Ball
1-1: Fly out, F7 (Flyball, 78M, EV 91.9 MPH)
Batting: LHB Brandon Nimmo 0-0: Ball
1-0: Fly out, F8 (Flyball, 89D, EV 91.3 MPH)
Bottom of the 5th over - 0 runs, 0 hits, 0 errors, 0 left on base; Houston 0 - Seattle 2
TOP OF THE 6TH
Houston Astros batting - Pitching for Seattle Mariners : RHP Ivan Nova
Batting: RHB Manuel Margot 0-0: Ground out U3 (Groundball, 34, EV 108.1 MPH)
Batting: SHB Billy Hamilton 0-0: Ball
1-0: Ball
2-0: Foul Ball, location: 2F
2-1: Bunt for hit to 5S - play at first, batter OUT! 5-3
Batting: LHB Matt Joyce 0-0: Ball
1-0: Foul Ball, location: 2F
1-1: Ball
2-1: Ball
3-1: Called Strike
3-2: Ground out 4-3 (Groundball, 34, EV 80.6 MPH)
Top of the 6th over - 0 runs, 0 hits, 0 errors, 0 left on base; Houston 0 - Seattle 2
BOTTOM OF THE 6TH
Seattle Mariners batting - Pitching for Houston Astros : LHP Carlos Rodon
Batting: RHB Manny Machado 0-0: Ball
1-0: Ground out 4-3 (Groundball, 4, EV 88.1 MPH)
Batting: RHB Tyler O'Neill 0-0: Ball
1-0: Ball
2-0: Ball
3-0: Called Strike
3-1: Called Strike
3-2: Base on Balls
Batting: RHB Mitch Haniger 0-0: Foul Ball, location: 2F
0-1: Ball
1-1: SINGLE (Groundball, 56D, EV 101.9 MPH)
Tyler O'Neill to second
Pitching: RHP Nick Vincent
Batting: RHB Brian Dozier 0-0: Ball
1-0: Foul Ball, location: 2F
1-1: Ball
2-1: Fly out, F9 (Flyball, 89S, EV 90.6 MPH)
Batting: RHB Yoenis Cespedes 0-0: Ball
1-0: Fly out, F8 (Flyball, 8LM, EV 81.9 MPH)
Bottom of the 6th over - 0 runs, 1 hit, 0 errors, 2 left on base; Houston 0 - Seattle 2
TOP OF THE 7TH
Houston Astros batting - Pitching for Seattle Mariners : RHP Ivan Nova
Batting: LHB Tommy La Stella 0-0: Ball
1-0: Ground out 4-3 (Groundball, 4, EV 102.5 MPH)
Batting: SHB Jorge Polanco 0-0: Foul Ball, location: 2F
0-1: Swinging Strike
0-2: Fly out, F7 (Line Drive, 7, EV 95.6 MPH)
Batting: RHB Trey Mancini 0-0: Ball
1-0: Called Strike
1-1: Ball
2-1: Ball
3-1: Ground out 6-3 (Groundball, 6, EV 99.4 MPH)
Top of the 7th over - 0 runs, 0 hits, 0 errors, 0 left on base; Houston 0 - Seattle 2
BOTTOM OF THE 7TH
Seattle Mariners batting - Pitching for Houston Astros : RHP Nick Vincent
Batting: SHB Justin Smoak 0-0: Called Strike
0-1: Called Strike
0-2: Strikes out swinging
Batting: RHB Willians Astudillo 0-0: Swinging Strike
0-1: Ball
1-1: Foul Ball, location: 2F
1-2: Fly out, F8 (Flyball, 89S, EV 83.8 MPH)
Batting: RHB Elvis Andrus 0-0: Fly out, F7 (Flyball, 7, EV 90.0 MPH)
Bottom of the 7th over - 0 runs, 0 hits, 0 errors, 0 left on base; Houston 0 - Seattle 2
TOP OF THE 8TH
Houston Astros batting - Pitching for Seattle Mariners : RHP Ivan Nova
Batting: LHB Dominic Smith 0-0: Called Strike
0-1: Ball
1-1: Fly out, F7 (Flyball, 78M, EV 90.6 MPH)
Batting: SHB Neil Walker 0-0: Ball
1-0: Foul Ball, location: 2F
1-1: Foul Ball, location: 2F
1-2: Ball
2-2: DOUBLE (Line Drive, 9LD, EV 113.1 MPH)
Batting: LHB Tucker Barnhart 0-0: Ball
1-0: Called Strike
1-1: Ball
2-1: Called Strike
2-2: SINGLE (Groundball, 4S, EV 70.6 MPH) (infield hit)
Neil Walker to third
Batting: RHB Manuel Margot 0-0: Ball
1-0: Foul Ball, location: 2F
1-1: Fly out, F3 (Popup, 3F, EV 78.1 MPH)
Pitching: RHP Emilio Pagan
Batting: SHB Billy Hamilton 0-0: Called Strike
0-1: Ball
1-1: Swinging Strike
1-2: Ball
2-2: Strikes out swinging
Top of the 8th over - 0 runs, 2 hits, 0 errors, 2 left on base; Houston 0 - Seattle 2
BOTTOM OF THE 8TH
Seattle Mariners batting - Pitching for Houston Astros : RHP Nick Vincent
Pitching: RHP Brandon Brennan
Batting: LHB Brandon Nimmo 0-0: Foul Ball, location: 2F
0-1: Ball
1-1: Swinging Strike
1-2: Ball
2-2: Foul Ball, location: 2F
2-2: Ground out U3 (Groundball, 3, EV 82.5 MPH)
Batting: RHB Manny Machado 0-0: Foul Ball, location: 2F
0-1: Ball
1-1: Ball
2-1: Foul Ball, location: 2F
2-2: Ball
3-2: Foul Ball, location: 2F
3-2: Base on Balls
Batting: RHB Tyler O'Neill 0-0: Called Strike
0-1: Ball
1-1: Called Strike
1-2: Reached on error, E5 (Flyball, 5D, EV 80.0 MPH)
Manny Machado to second
Batting: RHB Mitch Haniger 0-0: Swinging Strike
0-1: Foul Ball, location: 2F
0-2: Foul Ball, location: 2F
0-2: Strikes out swinging
Batting: RHB Brian Dozier 0-0: Foul Ball, location: 2F
0-1: Fly out, F9 (Flyball, 9LS, EV 88.8 MPH)
Bottom of the 8th over - 0 runs, 0 hits, 1 error, 2 left on base; Houston 0 - Seattle 2
TOP OF THE 9TH
Houston Astros batting - Pitching for Seattle Mariners : RHP Emilio Pagan
Now at C: Reese McGuire
Batting: LHB Matt Joyce 0-0: Ball
1-0: Foul Ball, location: 2F
1-1: Foul Ball, location: 2F
1-2: Ball
2-2: Ball
3-2: Fly out, F9 (Line Drive, 9, EV 93.1 MPH)
Batting: LHB Tommy La Stella 0-0: Fly out, F7 (Flyball, 7S, EV 73.1 MPH)
Batting: SHB Jorge Polanco 0-0: Foul Ball, location: 2F
0-1: SOLO HOME RUN (Flyball, 9D, EV 108.8 MPH), Distance : 380 ft
Batting: RHB Trey Mancini 0-0: Ball
1-0: Called Strike
1-1: Ball
2-1: Foul Ball, location: 2F
2-2: Strikes out swinging
Top of the 9th over - 1 run, 1 hit, 0 errors, 0 left on base; Houston 1 - Seattle 2
Sunday, June 21st, 2020 - OOTP Baseball 21.4 Build 63